 Dungeon Crawl Stone Soup version 0.25-a0-435-g4b9beb1024 (webtiles) character file.

Game seed: 8829533457320300722, levelgen mode: deterministic

11171 Elellon the Thaumaturge (level 11, -2/63 (64) HPs)
             Began as a Deep Elf Conjurer on Jan 26, 2020.
             Was an Elder of Vehumet.
             Shot with an arrow by a centaur (3 damage)
             ... on level 10 of the Dungeon.
             The game lasted 00:29:35 (15190 turns).

Elellon the Thaumaturge (Deep Elf Conjurer)        Turns: 15190, Time: 00:29:35

HP:   -2/63 (64)    AC:  6    Str:  7    XL:     11   Next: 45%
MP:   2/29          EV: 18    Int: 22    God:    Vehumet [****..]
Gold: 423           SH:  5    Dex: 15    Spells: 19/34 levels left

rFire    . . .     SeeInvis +   V - +4 dagger (freeze)
rCold    . . .     Gourm    .   U - +0 buckler
rNeg     . . .     Faith    .   a - +0 robe
rPois    .         Spirit   .   r - +1 helmet {SInv}
rElec    .         Reflect  .   (no cloak)
rCorr    .         Harm     .   i - +0 pair of gloves
MR       +....                  N - +0 pair of boots
Stlth    ++........             (no amulet)
HPRegen  0.20/turn              b - ring of wizardry
MPRegen  0.21/turn              d - ring of wizardry

@: lethally poisoned (-2 -> -10), very slightly contaminated, hasted, very quick
A: no striking features
a: Renounce Religion


You were on level 10 of the Dungeon.
You worshipped Vehumet.
Vehumet was greatly pleased with you.
You were not hungry.

You visited 2 branches of the dungeon, and saw 11 of its levels.

You collected 948 gold pieces.
You spent 525 gold pieces at shops.

Inventory:

Hand Weapons
 V - a +4 dagger of freezing (weapon)
Armour
 a - a +0 robe (worn)
 i - a +0 pair of gloves (worn)
 r - a +1 helmet of see invisible (worn)
 N - a +0 pair of boots (worn)
 U - a +0 buckler (worn)
Jewellery
 b - a ring of wizardry (left hand)
 d - a ring of wizardry (right hand)
 g - an uncursed ring of protection from fire
 l - an uncursed ring of resist corrosion
 o - an uncursed amulet of magic regeneration {unknown}
 q - an uncursed ring of wizardry
 s - an uncursed amulet of rage
 u - a +5 ring of dexterity {unknown}
 v - an uncursed ring of positive energy
 y - an uncursed ring of positive energy
 E - a cursed amulet of inaccuracy {unknown}
 G - an uncursed amulet of guardian spirit {unknown}
 S - an uncursed ring of stealth {unknown}
 T - an uncursed ring of flight {unknown}
Wands
 j - a wand of iceblast (3)
 w - a wand of acid (19)
 D - a wand of random effects (15)
 I - a wand of digging (11)
 P - a wand of flame (22)
 Y - a wand of polymorph (9)
Scrolls
 e - a scroll of teleportation
 m - a scroll of blinking
 n - a scroll of magic mapping
 x - a scroll of torment {unknown}
 B - 4 scrolls of amnesia
 F - 4 scrolls of identify
 H - 4 scrolls of fear {unknown}
 K - 2 scrolls of remove curse
 L - 2 scrolls of enchant weapon
 M - a scroll of noise {unknown}
 O - a scroll of immolation {unknown}
Potions
 f - 4 potions of curing {unknown}
 h - 3 potions of flight {unknown}
 k - 2 potions of lignification {unknown}
 p - 2 potions of degeneration {unknown}
 t - a potion of heal wounds {unknown}
 z - 4 potions of haste
 A - 2 potions of ambrosia {unknown}
 C - a potion of agility {unknown}
 J - a potion of magic {unknown}
 Q - 3 potions of mutation {unknown}
 R - 2 potions of brilliance {unknown}
 W - a potion of berserk rage {unknown}
Comestibles
 c - 17 rations
 X - 4 chunks of flesh


   Skills:
 + Level 5.8 Fighting
 + Level 9.0 Dodging
 - Level 2.4 Stealth
 + Level 3.7 Shields
 + Level 12.3 Spellcasting
 + Level 11.1 Conjurations
 * Level 6.3 Fire Magic


You had 19 spell levels left.
You knew the following spells:

 Your Spells              Type           Power        Failure   Level  Hunger
a - Magic Dart            Conj           ####         1%          1    None
b - Searing Ray           Conj           ######       1%          2    None
c - Iskenderun's Mystic   Conj/Tloc      #####...     1%          4    None
d - Fireball              Conj/Fire      ######....   1%          5    ####...
e - Mephitic Cloud        Conj/Pois/Air  ####....     1%          3    None

Your spell library contained the following spells:

 Spells                   Type           Power        Failure   Level  Hunger
 Lightning Bolt           Conj/Air       #####.....   1%          5    ####...
 Animate Skeleton         Necr           N/A          1%          1    None
 Beastly Appendage        Tmut           ##....       1%          1    None
 Foxfire                  Conj/Fire      ####         1%          1    None
 Infusion                 Chrm           ##..         1%          1    None
 Pain                     Necr           ##..         1%          1    None
 Conjure Flame            Conj/Fire      ######..     1%          3    None
 Dazzling Flash           Conj/Hex       #####.       1%          3    None
 Inner Flame              Hex/Fire       ####....     1%          3    None
 Fulminant Prism          Conj/Hex       #####.....   1%          4    None
 Sticky Flame             Conj/Fire      ######..     1%          4    None
 Bolt of Magma            Conj/Fire/Erth #####.....   1%          5    ####...
 Blink                    Tloc           N/A          2%          2    None
 Call Imp                 Summ           ##......     2%          2    None
 Shroud of Golubria       Chrm/Tloc      ##....       2%          2    None
 Slow                     Hex            ##......     2%          2    None
 Song of Slaying          Chrm           ##......     2%          2    None
 Sticks to Snakes         Tmut           ##......     2%          2    None
 Confusing Touch          Hex            ##......     4%          3    None
 Ozocubu's Armour         Chrm/Ice       ##......     4%          3    None
 Spectral Weapon          Hex/Chrm       ##......     4%          3    None
 Spider Form              Tmut/Pois      ##........   4%          3    None
 Summon Guardian Golem    Hex/Summ       ##......     4%          3    None
 Vampiric Draining        Necr           ##........   4%          3    None
 Iron Shot                Conj/Erth      #####.....   9%          6    #####..
 Animate Dead             Necr           N/A          13%         4    None
 Ice Form                 Ice/Tmut       ##......     13%         4    None
 Leda's Liquefaction      Hex/Erth       ##........   13%         4    None
 Agony                    Necr           ##......     32%         5    ####...
 Blade Hands              Tmut           ##........   32%         5    ####...
 Statue Form              Tmut/Erth      ##.......    86%         6    #####..
 Shatter                  Erth           ##........   100%        9    #######


Dungeon Overview and Level Annotations

Branches:
Dungeon (10/15)            Temple (1/1) D:5
   Lair: D:8-11         Orc: D:9-12

Altars:
Ashenzari
Cheibriados
Dithmenos
Elyvilon
Fedhas
Gozag
Hepliaklqana
Kikubaaqudgha
Makhleb
Nemelex Xobeh
Okawaru
Qazlal
Ru
Sif Muna
Trog
Uskayaw
Vehumet
Wu Jian
Xom
Yredelemnul
Zin
The Shining One
Beogh

Shops:
D:5 [   D:7 :   D:8 (

Annotations:
D:7 3 runed translucent doors, tape's ghost, novice TeMo


Message History

You feel sick.
The killer bee stings you but does no damage.
You can't go up here!
As you read the scroll labeled ZOLIGH QOUH, it crumbles to dust.
You feel aware of your surroundings.
You sensed 1 altar, and 1 shop/portal.
It was a scroll of magic mapping.
You feel sick. The killer bee stings you!
* * * LOW HITPOINT WARNING * * *
The killer bee stings you but does no damage.
Blink to where?
Press: ? - help, Dir - move target cursor, p - killer bee You are very lightly contaminated with residual magic.
As you read the scroll labeled HADOEH YTWYLE, it crumbles to dust.
It was a scroll of blinking.
* * * LOW HITPOINT WARNING * * *
You feel sick.
The centaur shoots an arrow.
You block the arrow.
As you read the scroll of magic mapping, it crumbles to dust.
You feel momentarily disoriented.
* * * LOW HITPOINT WARNING * * *
You feel sick.
The centaur shoots an arrow.
The arrow hits you.
You die...

*,**#.,#.(###**.###* #...#
*,###.c#.(#§# *.#.## #...#
*,.......(#y# #..[.# #.).#
***,.###.#..#c###.##.## #...#
*,,,..................# #...##
*****,..................###.....
*,,,,,........#..#.......##...#.
*,****.###..#.#..#)......###..##
*,* *,,,.......@.........###÷.##
*,* **,###....................##
*,* *,* #..#.#.##.####...###.##
*,* *,* #.......#.####.#.###.##
*,* *,* #..#.#..#)...<.#..##.##
*,* *,* #..#.#..#............#.
*,* *,* #.............#...##.#.
*,* *,* #..#.##...###.#....#.##
*,*******#.............#....#.##


You could see a centaur and a killer bee.

Vanquished Creatures
  2 two-headed ogres
  An unseen horror (D:9)
  A cyclops (D:9)
  A manticore (D:9)
  A troll (D:9)
  A polar bear (D:10)
  A vampire (D:8)
  A wraith (D:9)
  A spriggan (D:8)
  Sigmund (D:6)
  5 yaks
  A hungry ghost (D:6)
  Grum (D:8)
  A steam dragon (D:6)
  The ghost of Kagalorn the Gusty, an amateur HuAE (D:3)
  A soldier ant (D:9)
  Edmund (D:6)
  A water moccasin (D:9)
  4 ice beasts
  A black bear (D:6)
  6 ogres
  4 orc warriors
  3 necrophages
  3 sky beasts
  2 phantoms
  2 wolves (D:8)
  4 centaurs
  2 big kobolds
  Blork the orc (D:6)
  8 bullfrogs
  5 scorpions
  5 killer bees (D:10)
  5 howler monkeys
  4 wights
  2 electric eels (D:10)
  7 crimson imps
  3 centaur zombies
  A quasit (D:9)
  2 bullfrog skeletons
  A bullfrog zombie (D:5)
  7 orc wizards
  5 jellies
  2 orc priests
  A water moccasin simulacrum (D:10)
  7 hounds
  2 iguanas
  11 worker ants
  A killer bee zombie (D:6)
  A hound zombie (D:8)
  3 hound skeletons
  A worker ant zombie (D:8)
  6 gnolls (D:6)
  16 adders
  7 shadow imps
  A worker ant simulacrum (D:10)
  2 oozes (D:1)
  2 adder zombies
  7 adder skeletons
  A worm (D:2)
  3 dart slugs
  6 leopard geckos
  32 orcs
  3 bats (D:2)
  5 giant cockroaches
  9 goblins
  12 hobgoblins
  8 kobolds
  3 quokkas
  3 ball pythons
  3 frilled lizards
  A jackal zombie (D:8)
  A leopard gecko zombie (D:9)
  7 rats
277 creatures vanquished.

Notes
Turn   | Place    | Note
-------+----------+-------------------------------------------
     0 | D:1      | Elellon the Deep Elf Conjurer began the quest for the Orb.
     0 | D:1      | Reached XP level 1. HP: 10/10 MP: 6/6
   343 | D:1      | Reached XP level 2. HP: 15/15 MP: 3/8
  1214 | D:1      | Reached skill level 4 in Spellcasting
  1231 | D:1      | Reached skill level 5 in Conjurations
  1231 | D:1      | Reached XP level 3. HP: 19/19 MP: 0/10
  1701 | D:1      | Learned a level 2 spell: Searing Ray
  2093 | D:2      | Reached XP level 4. HP: 20/24 MP: 7/12
  2503 | D:2      | Reached skill level 5 in Spellcasting
  2583 | D:2      | Found an opulent altar of Gozag.
  2970 | D:3      | Reached XP level 5. HP: 23/28 MP: 5/14
  3242 | D:3      | Found a blossoming altar of Fedhas.
  3485 | D:3      | Found a transporter.
  3487 | D:3      | Noticed Kagalorn's ghost (amateur HuAE)
  3489 | D:3      | Found a transporter.
  3490 | D:3      | Noticed an ogre
  3804 | D:4      | Reached skill level 6 in Spellcasting
  3809 | D:4      | Noticed an ogre
  3989 | D:4      | Killed an ogre
  3989 | D:4      | Reached XP level 6. HP: 17/32 MP: 8/17
  4383 | D:4      | Reached skill level 7 in Spellcasting
  4397 | D:4      | Reached XP level 7. HP: 18/36 MP: 3/19
  5198 | D:4      | Reached skill level 8 in Spellcasting
  5472 | D:4      | Found a hazy altar of Hepliaklqana.
  5551 | D:5      | Entered Level 5 of the Dungeon
  5588 | D:5      | Learned a level 4 spell: Iskenderun's Mystic Blast
  5614 | D:5      | Found a staircase to the Ecumenical Temple.
  5621 | Temple   | Entered the Ecumenical Temple
  5656 | Temple   | Became a worshipper of Vehumet
  5774 | D:5      | Found Yhumoas's Armour Emporium.
  6465 | D:5      | Reached skill level 1 in Fighting
  6524 | D:5      | Reached XP level 8. HP: 43/43 MP: 17/22
  6769 | D:5      | Found a sparkling altar of Nemelex Xobeh.
  7410 | D:6      | Reached skill level 9 in Spellcasting
  7655 | D:6      | Noticed Blork the orc
  7658 | D:6      | Killed Blork the orc
  7710 | D:6      | Noticed Edmund
  7737 | D:6      | Noticed Sigmund
  7873 | D:6      | Reached skill level 5 in Dodging
  8108 | D:6      | Reached skill level 10 in Spellcasting
  8108 | D:6      | Reached XP level 9. HP: 49/49 MP: 19/25
  8179 | D:6      | Reached * piety under Vehumet
  8179 | D:6      | Offered knowledge of Shock by Vehumet.
  8184 | D:6      | Killed Edmund
  8324 | D:6      | Killed Sigmund
  8904 | D:6      | Found an iron altar of Okawaru.
  9158 | D:7      | Offered knowledge of Freeze by Vehumet.
  9224 | D:7      | Reached ** piety under Vehumet
  9503 | D:7      | Found a runed translucent gate.
  9504 | D:7      | Found a runed translucent gate.
  9691 | D:7      | Found a shattered altar of Ashenzari.
  9716 | D:7      | Noticed tape's ghost (novice TeMo)
  9718 | D:7      | Found a runed translucent gate.
  9735 | D:7      | Found a roughly hewn altar of Beogh.
 10046 | D:7      | Found Hiebots's Book Shoppe.
 10335 | D:3      | Killed Kagalorn's ghost
 10335 | D:3      | Reached skill level 11 in Spellcasting
 10335 | D:3      | Reached skill level 10 in Conjurations
 10450 | D:8      | Found Qathaubb's Antique Weapon Emporium.
 10560 | D:8      | Found a hide-covered altar of Uskayaw.
 10789 | D:8      | Noticed Grum
 10797 | D:8      | Killed Grum
 10797 | D:8      | Reached XP level 10. HP: 54/57 MP: 21/27
 10800 | D:8      | Reached skill level 1 in Shields
 11119 | D:7      | Bought a book of Flames for 525 gold pieces
 11125 | D:7      | Learned a level 5 spell: Fireball
 11363 | D:8      | Noticed a two-headed ogre
 11370 | D:8      | Killed a two-headed ogre
 11372 | D:8      | Offered knowledge of Ignite Poison by Vehumet.
 11755 | D:8      | Reached skill level 5 in Fighting
 11875 | D:8      | Reached *** piety under Vehumet
 12091 | D:8      | Identified the Collected Works on Execration
 12558 | D:9      | Noticed a two-headed ogre
 12569 | D:9      | Killed a two-headed ogre
 12853 | D:9      | Offered knowledge of Olgreb's Toxic Radiance by Vehumet.
 12869 | D:9      | Learned a level 3 spell: Mephitic Cloud
 12891 | D:9      | Found a glowing golden altar of the Shining One.
 12944 | D:9      | Found a shadowy altar of Dithmenos.
 13204 | D:9      | Found a glowing silver altar of Zin.
 13205 | D:9      | Found a burning altar of Makhleb.
 13208 | D:9      | Found an ornate altar of the Wu Jian Council.
 13248 | D:9      | Found a stormy altar of Qazlal.
 13262 | D:9      | Found a white marble altar of Elyvilon.
 13351 | D:9      | Found a blossoming altar of Fedhas.
 13351 | D:9      | Found a sacrificial altar of Ru.
 13357 | D:9      | Found a shimmering altar of Xom.
 13357 | D:9      | Found a shimmering altar of Xom.
 13357 | D:9      | Found a shimmering altar of Xom.
 13358 | D:9      | Found a shimmering altar of Xom.
 13426 | D:9      | Noticed a cyclops
 13429 | D:9      | Noticed a manticore
 13507 | D:9      | HP: 1/58 [manticore/volley of spikes (16)]
 13508 | D:9      | Killed a manticore
 13508 | D:9      | Reached XP level 11. HP: 1/63 MP: 7/28
 13902 | D:9      | Reached skill level 12 in Spellcasting
 13902 | D:9      | Reached skill level 5 in Fire Magic
 14064 | D:9      | Noticed an unseen horror
 14072 | D:9      | Killed an unseen horror
 14109 | D:9      | Reached **** piety under Vehumet
 14184 | D:9      | Offered knowledge of Lightning Bolt by Vehumet.
 14638 | D:10     | Entered Level 10 of the Dungeon
 15188 | D:10     | HP: 3/63 [killer bee (9)]
 15190 | D:10     | HP: 1/63 [poisoned by a killer bee]
 15190 | D:10     | Shot with an arrow by a centaur

Levels and vault maps discovered:
D:1:      dpeg_arrival_rooms_a, layout_basic
D:2:      layout_rooms, grunt_gozag_statues
D:3:      layout_basic, first_ration, gammafunk_ghost_smash,
          fedhas_ov_isle_minmay
D:4:      layout_rooms, lemuel_crystal_altar, corner_web_ring
D:5:      layout_layer_cave, nemelex_xobeh_ov_fountains_minmay,
          minmay_temple_entry_steel_oval, serial_shops, shop,
          minmay_misc_feat_secret_circle
D:6:      cheibrodos_fzero, layout_cave_pools, okawaru_altar_gauntlet_db,
          uniq_edmund, uniq_sigmund, uniq_blork_the_orc
D:7:      layout_loops_corners, biasface_ghost_orc_armoury, serial_shops, shop,
          nicolae_ashenzari_panopticon
D:8:      minmay_bloctagon, layout_loops_ring, lemuel_crystal_altar,
          serial_shops, shop, the_bakery, skrybe_limestone_x, uniq_grum
D:9:      hangedman_cross_veins, layout_long_grid, kennysheep_mini,
          chequers_temple_overflow_statue_of_worship,
          grunt_temple_overflow_cloverleaf, xom_redecorated, basic_altar,
          minmay_bent
D:10:     layout_basic, serial_ice, serial_ice_i, serial_ice_e, serial_ice_h,
          serial_ice_m, serial_ice_n, serial_ice_a, lemuel_centaur_altar
Temple:   jpeg_temple_island

Skill      XL: |  1  2  3  4  5  6  7  8  9 10 11 |
---------------+----------------------------------+-----
Spellcasting   | 4 5 6 7 8 10 11 12 | 12.3
Conjurations   | 5 6 7 8 9 10 11 | 11.1
Fighting       | 1 3 4 5 |  5.8
Dodging        | 3 5 7 8 9 |  9.0
Shields        | 3 |  3.7
Fire Magic     | 4 6 |  6.3
Stealth        | |  2.4

Action                   |  1- 3 |  4- 6 |  7- 9 | 10-12 || total
-------------------------+-------+-------+-------+-------++-------
Melee: Dagger            |       |       |     8 |     2 ||    10
 Cast: Magic Dart        |    74 |    83 |   164 |   151 ||   472
       Searing Ray       |       |     7 |    76 |    81 ||   164
       Iskenderun's Myst |       |       |     2 |    21 ||    23
       Mephitic Cloud    |       |       |       |     5 ||     5
       Fireball          |       |       |       |     5 ||     5
  Use: Scroll            |       |       |     6 |     8 ||    14
       Potion            |       |       |       |     1 ||     1
  Eat: Chunk             |     3 |     7 |    17 |     6 ||    33
       Ration            |       |       |     1 |     2 ||     3
Armor: Robe              |     2 |     3 |    11 |    13 ||    29
       Skin              |       |       |     5 |       ||     5
Dodge: Dodged            |    20 |    17 |    49 |    88 ||   174
Block: Buckler           |       |       |       |    33 ||    33

Table legend:
 A = Non-vault XP
 B = Vault XP
 C = Vault XP percentage of total XP
 D = Non-vault monster count
 E = Vault monster count
 F = Vault count percentage of total count
                 A         B        C        D         E       F
            +---------+---------+-------+---------+---------+-------
      Total |    8066 |    7893 |  49.5 |     210 |      67 |  24.2
            +---------+---------+-------+---------+---------+-------
        D:1 |      53 |       0 |   0.0 |      24 |       0 |   0.0
        D:2 |     104 |       0 |   0.0 |      22 |       0 |   0.0
        D:3 |     119 |     280 |  70.2 |      17 |       2 |  10.5
        D:4 |     750 |       0 |   0.0 |      26 |       0 |   0.0
        D:5 |     519 |       0 |   0.0 |      15 |       0 |   0.0
        D:6 |    1035 |    1415 |  57.8 |      22 |      18 |  45.0
        D:7 |     661 |       0 |   0.0 |      17 |       0 |   0.0
        D:8 |    2013 |    1164 |  36.6 |      23 |      15 |  39.5
        D:9 |    2194 |    3876 |  63.9 |      24 |      25 |  51.0
       D:10 |     618 |    1158 |  65.2 |      20 |       7 |  25.9
            +---------+---------+-------+---------+---------+-------
